 Dungeon Crawl Stone Soup version 0.29-a0-393-g47a863cc1b (webtiles) character file.

Game seed: 1430621488625001946

221 jimonade the Conjurer (level 5, 0/28 HPs)
             Began as a Deep Elf Conjurer on May 9, 2022.
             Succumbed to a scorpion's poison
             ... on level 4 of the Dungeon.
             The game lasted 00:07:51 (3495 turns).

jimonade the Conjurer (Deep Elf Conjurer)           Turns: 3495, Time: 00:07:51

Health: 0/28       AC:  3    Str:  6    XL:     5   Next: 65%
Magic:  3/14       EV: 12    Int: 23    God:
Gold:   46         SH:  0    Dex: 13    Spells: 3/14 levels left

rFire   . . .      SeeInvis .   h - +2 dagger (venom)
rCold   . . .      Faith    .   (no shield)
rNeg    . . .      Spirit   .   a - +0 robe
rPois   .          Reflect  .   (no helmet)
rElec   .          Harm     .   (no cloak)
rCorr   .          Rampage  .   (no gloves)
Will    .....                   g - +0 pair of boots
Stlth   ++........              (no amulet)
HPRegen 0.09/turn               (no ring)
MPRegen 0.14/turn               (no ring)

@: lethally poisoned (0 -> -19)
A: no striking features
a: no special abilities


You were on level 4 of the Dungeon.
You visited 2 branches of the dungeon, and saw 5 of its levels.

You collected 46 gold pieces.

Inventory:

Hand Weapons
 h - a +2 dagger of venom (weapon)
 k - a +0 glaive of flaming
 n - a +1 dagger of holy wrath
Missiles
 i - 137 stones
 q - 6 boomerangs
Armour
 a - a +0 robe (worn)
 g - a +0 pair of boots (worn)
 p - a +0 leather armour
 u - a +0 leather armour
 x - an orb of energy
Jewellery
 v - a +4 ring of protection
Scrolls
 d - 2 scrolls of teleportation {unknown}
 e - 3 scrolls of noise {unknown}
 f - 2 scrolls of fog {unknown}
 j - a scroll of enchant weapon {unknown}
 l - 6 scrolls of identify {unknown}
 o - 2 scrolls of immolation {unknown}
 r - a scroll of silence {unknown}
 t - 2 scrolls of blinking {unknown}
 w - a scroll of enchant armour {unknown}
 y - a scroll of torment {unknown}
 A - a scroll of fear {unknown}
Potions
 b - a potion of magic
 c - a potion of might {unknown}
 m - 2 potions of berserk rage {unknown}
 s - 2 potions of haste {unknown}
 z - a potion of attraction {unknown}


   Skills:
 - Level 0.1 Fighting
 - Level 2.4 Dodging
 - Level 2.4 Stealth
 + Level 5.2 Spellcasting
 + Level 6.3 Conjurations
 * Level 2.0 Hexes
 * Level 0.6 Translocations


You had 3 spell levels left.
You knew the following spells:

 Your Spells              Type           Power      Damage    Failure   Level
a - Magic Dart            Conj           100%       1d8       1%          1
b - Searing Ray           Conj           70%        2d7       1%          2
c - Fulminant Prism       Conj/Hex       12%        3d9       16%         4
d - Iskenderun's Mystic   Conj/Tloc      22%        2d6       22%         4

Your spell library contained the following spells:

 Spells                   Type           Power      Damage    Failure   Level
 Dazzling Flash           Conj/Hex       50%        N/A       4%          3
 Fireball                 Conj/Fire      10%        3d6       56%         5
 Starburst                Conj/Fire      10%        6d5       98%         6
 Ignition                 Fire           2%         3d3       100%        8


Dungeon Overview and Level Annotations

Branches:
Dungeon (4/15)             Temple (1/1) D:4

Altars:
Ashenzari
Elyvilon
Fedhas
Gozag
Makhleb
Nemelex Xobeh
Qazlal
Ru
Sif Muna
Trog
Uskayaw
Xom
Zin
The Shining One

Annotations:
D:3 1 runed translucent door, zeratav's ghost, weakling DsIE


Message History

The orc wizard casts a spell.
The orc wizard flickers and vanishes!
Deactivating autopickup; reactivate with Ctrl-A.
The searing ray misses the orc wizard.
The orc wizard gestures at you while chanting.
You resist with some effort.
The searing ray hits the orc wizard.
You kill the orc wizard!
You finish channelling your searing ray.
The orc misses you.
Your Hexes skill increases to level 2!
Casting: Searing Ray (safe; 1% risk of failure)
Confirm with . or Enter, or press ? or * to list all spells.
Aiming: Searing Ray (safe; 1% risk of failure)
Press: ? - help, Shift-Dir - straight line, f - orc
Aim: an orc, wielding a +0 flail and wearing a +0 leather armour (81% to hit)
The searing ray hits the orc.
The orc is moderately wounded. (Press . to maintain the ray.)
The orc barely misses you.
The searing ray hits the orc.
The orc is severely wounded.
The orc hits you with a +0 flail.
The searing ray hits the orc!
You kill the orc!
You hear some strange, mumbled words.
You are confused.
The scorpion misses you.
You bump into the crystal wall.
The scorpion barely misses you. Something hits you. The scorpion stings you.
You are lethally poisoned!
The scorpion poisons you!
You bump into the crystal wall.
You feel very sick. Something hits you. The scorpion stings you.
* * * LOW HITPOINT WARNING * * *
You are more poisoned.
The scorpion poisons you!
You feel less confused.
You die...

#............# #####.......
##.....<.....######.......##..
##....<.............###### .
###................#
##......##.......#
##..##.#........#
##..............##
##..#...##........#
#....#.#.@#........#
##.#..#....#........#
#...##..s.#..........#
.......>..............
....#....##).............
.#.#....#.)#.............
..#..#.#................
...##...#...............
..........#...........).


You could see a scorpion.

Vanquished Creatures
  A hound (D:4)
  A jelly (D:4)
  An orc wizard (D:4)
  5 adders
  2 worms (D:2)
  3 dart slugs (D:1)
  3 orcs (D:4)
  6 ball pythons
  8 bats
  9 endoplasms
  A giant cockroach (D:1)
  10 goblins
  10 hobgoblins
  9 kobolds
  A frilled lizard (D:1)
  4 rats
74 creatures vanquished.

Vanquished Creatures (others)
  3 fungi (D:1)
  2 plants (D:2)
5 creatures vanquished.

Grand Total: 79 creatures vanquished

Notes
Turn   | Place    | Note
-------+----------+-------------------------------------------
     0 | D:1      | jimonade the Deep Elf Conjurer began the quest for the Orb.
     0 | D:1      | Reached XP level 1. HP: 10/10 MP: 6/6
   177 | D:1      | Reached XP level 2. HP: 15/15 MP: 0/8
   394 | D:1      | Reached skill level 5 in Conjurations
   528 | D:1      | Noticed an ogre
   732 | D:1      | Found a faded altar of an unknown god.
   747 | D:1      | Reached XP level 3. HP: 19/19 MP: 7/9
  1330 | D:1      | Learned a level 2 spell: Searing Ray
  1728 | D:2      | Reached XP level 4. HP: 24/24 MP: 9/11
  1738 | D:2      | Learned a level 4 spell: Fulminant Prism
  2614 | D:3      | Identified the +0 ring mail of Doomed Fun {rF+ Int+2}
  2768 | D:3      | Reached skill level 1 in Hexes
  2795 | D:3      | Noticed zeratav's ghost (weakling DsIE)
  2855 | D:3      | Found a runed translucent door.
  3152 | D:4      | Reached skill level 6 in Conjurations
  3214 | D:4      | Found a bloodstained altar of Trog.
  3219 | D:4      | Reached XP level 5. HP: 28/28 MP: 9/14
  3224 | D:4      | Learned a level 4 spell: Iskenderun's Mystic Blast
  3308 | D:4      | Reached skill level 5 in Spellcasting
  3348 | D:4      | Found a staircase to the Ecumenical Temple.
  3385 | Temple   | Entered the Ecumenical Temple
  3495 | D:4      | Succumbed to a scorpion's poison

Illustrated notes

Levels and vault maps discovered:
D:1:      evilmike_arrival_come_back, layout_basic,
          shapermc_ecumenical_altar_rom_forum
D:2:      layout_loops_ring, serial_bayou_pond_b
D:3:      layout_basic, hellmonk_ghost_happy_afterlife, serial_bayou_lagoon_a
D:4:      layout_cave_pods, nicolae_overflow_hidden_temple,
          minmay_temple_entry_mini_moons, minmay_puff, uniq_pikel, uniq_ijyb
Temple:   cyrus_circular_temple

Skill      XL: |  1  2  3  4  5 |
---------------+----------------+-----
Conjurations   | 5 6 |  6.3
Spellcasting   | 4 5 |  5.2
Hexes          | 1 2 |  2.0
Fighting       | |  0.1
Dodging        | |  2.4
Stealth        | |  2.4
Translocations | |  0.6

Action                   |  1- 3 |  4- 6 || total
-------------------------+-------+-------++-------
 Cast: Magic Dart        |    78 |    59 ||   137
       Searing Ray       |     1 |     3 ||     4
Armor: Robe              |       |     1 ||     1
Dodge: Dodged            |     7 |     9 ||    16

Table legend: (Time is in decaauts)
 A = Elapsed time spent in this place.
 B = Non-inter-level travel time spent in this place.
 C = Inter-level travel time spent in this place.
 D = Time resting spent in this place.
 E = Time spent auto-exploring this place.
 F = Levels seen in this place.
 G = Mean time per level.
                   A        B        C        D        E       F      G
               +--------+--------+--------+--------+--------+-----+--------+
         Total |   3507 |   3399 |    108 |     90 |   2838 |   5 |  701.4 |
       Dungeon |   3451 |   3353 |     98 |     90 |   2800 |   4 |  862.8 |
        Temple |     55 |     45 |     10 |      0 |     38 |   1 |   55.0 |
               +--------+--------+--------+--------+--------+-----+--------+

Top non-repeatable levels by time:
     D:1: 1287 daAuts
     D:2: 956 daAuts
     D:3: 899 daAuts
     D:4: 309 daAuts
  Temple: 55 daAuts
